 Dungeon Crawl Stone Soup version 0.29-a0-330-g52719c12eb (webtiles) character file.

Game seed: 4271740954013705046

3747 kae the Transmogrifier (level 9, -14/88 HPs)
             Began as a Purple Draconian Transmuter on May 16, 2022.
             Was an Initiate of Ru.
             Demolished by a death yak (21 damage)
             ... on level 8 of the Dungeon.
             The game lasted 00:07:02 (9527 turns).

kae the Transmogrifier (DrTm)                       Turns: 9527, Time: 00:07:03

Health: -14/88     AC:  8    Str: 14    XL:     9   Next: 93%
Magic:  17/18      EV: 12    Int: 16    God:    Ru [......]
Gold:   359        SH:  5    Dex: 18    Spells: 11/21 levels left

rFire   x . .      SeeInvis .     - Unarmed
rCold   + + +      Faith    .   (shield currently unavailable)
rNeg    . . .      Spirit   .   (body armour unavailable)
rPois   +          Reflect  +   (helmet currently unavailable)
rElec   .          Harm     .   (cloak currently unavailable)
rCorr   .          Rampage  .   (gloves currently unavailable)
Will    +....                   (boots currently unavailable)
Stlth   ++........              h - amulet of reflection
HPRegen 0.24/turn               q - +6 ring of dexterity
MPRegen 0.16/turn               n - ring of wizardry

@: ice-form, invisible
A: freezing attack, amphibious, boosted hp, (breathe power), AC +7, large,
unfitting armour, (cold-blooded)
a: End Transformation, Renounce Religion, Sacrifice Nimbleness, Sacrifice a
Hand, Sacrifice Arcana, Reject Sacrifices


You were on level 8 of the Dungeon.
You worshipped Ru.
Ru was noncommittal.
You were a creature of crystalline ice.
You visited 2 branches of the dungeon, and saw 9 of its levels.
You also visited: Sewer.

You collected 359 gold pieces.

Inventory:

Jewellery
 h - an amulet of reflection (around neck)
 n - a ring of wizardry (right front paw)
 q - a +6 ring of dexterity (left front paw)
 t - a +6 ring of dexterity
 u - a +4 ring of protection
 w - a ring of flight
Wands
 v - a wand of paralysis (7)
 B - a wand of flame (16)
 E - a wand of charming (3)
Scrolls
 c - a scroll of vulnerability
 g - 2 scrolls of enchant armour
 m - 7 scrolls of teleportation
 o - 2 scrolls of fear
 r - 3 scrolls of summoning
 s - a scroll of holy word
 y - 2 scrolls of identify
 D - a scroll of fog {unknown}
Potions
 a - 4 potions of lignification
 b - 4 potions of haste
 d - 3 potions of might
 e - 4 potions of degeneration
 f - a potion of mutation
 i - 3 potions of curing
 j - 2 potions of heal wounds
 k - a potion of brilliance
 l - 2 potions of flight
 p - a potion of invisibility
 x - 4 potions of attraction {unknown}
 z - a potion of cancellation {unknown}
 A - a potion of berserk rage {unknown}
 C - a potion of magic {unknown}


   Skills:
 + Level 5.1 Fighting
 + Level 4.5 Dodging
 + Level 6.3 Unarmed Combat
 + Level 6.6 Spellcasting
 * Level 8.4 Transmutations
 - Level 5.0 Ice Magic
 - Level 1.5 Poison Magic


You had 11 spell levels left.
You knew the following spells:

 Your Spells              Type           Power      Damage    Failure   Level
a - Beastly Appendage     Tmut           64%        N/A       1%          1
b - Wereblood             Tmut           32%        N/A       1%          2
c - Spider Form           Tmut/Pois      21%        N/A       1%          3
d - Ice Form              Ice/Tmut       26%        N/A       3%          4

Your spell library contained the following spells:

 Spells                   Type           Power      Damage    Failure   Level
 Freeze                   Ice            84%        1d10      1%          1
 Frozen Ramparts          Ice            42%        1d6       1%          3
 Ozocubu's Armour         Ice            21%        N/A       1%          3
 Blade Hands              Tmut           16%        N/A       4%          5
 Foxfire                  Conj/Fire      20%        2x1d5     5%          1
 Corpse Rot               Necr/Air       10%        N/A       9%          2
 Conjure Flame            Conj/Fire      5%         6-21      16%         3
 Inner Flame              Hex/Fire       5%         N/A       16%         3
 Hailstorm                Conj/Ice       13%        3d5       19%         4
 Dispel Undead            Necr           5%         3d7       45%         4
 Flame Wave               Conj/Fire      5%         2d5       45%         4
 Summon Lightning Spire   Summ/Air       5%         N/A       45%         4
 Ozocubu's Refrigeration  Ice            10%        4d7       99%         7
 Storm Form               Tmut/Air       9%         N/A       99%         7
 Death Channel            Necr           2%         N/A       100%        6
 Iron Shot                Conj/Erth      2%         9d2       100%        6
 Maxwell's Capacitive Co  Air            2%         ∞         100%        8
 Animate Armour           Summ/Erth      Unusable   N/A       N/A         4

Dungeon Overview and Level Annotations

Branches:
Dungeon (8/15)             Temple (1/1) D:5           Sewer (visited)
   Lair: D:8-11

Altars:
Ashenzari
Cheibriados
Dithmenos
Elyvilon
Fedhas
Gozag
Hepliaklqana
Kikubaaqudgha
Makhleb
Nemelex Xobeh
Okawaru
Qazlal
Ru
Sif Muna
Trog
Uskayaw
Vehumet
Wu Jian
Xom
Yredelemnul
Zin
The Shining One
Lugonu

Annotations:
D:5 1 runed translucent door, Crazy Yiuf


Innate Abilities, Weirdness & Mutations

You are a creature of crystalline ice.
You have a powerful freezing melee attack.
You are amphibious.
Your maximum health is increased.
Your armour is entirely melded.
You are incapable of wielding weapons or throwing items.
((You can breathe bolts of dispelling energy.))
((Your rich purple scales are hard. (AC +7)))
You cannot fit into any form of body armour.
((You are cold-blooded and may be slowed by cold attacks.))


Message History

The death yak is heavily wounded.
The death yak gores you!
You hit the death yak but do no damage.
The death yak is heavily wounded.
You block the death yak's attack.
The death yak snorts and paws the ground.
You are too injured to fight recklessly!
You are too injured to fight recklessly!
You catch the helpless death yak completely off-guard!
You punch the death yak! You freeze the death yak.
The death yak is almost dead.
You block the death yak's attack.
You hit the death yak. You freeze the death yak.
The death yak is almost dead.
The death yak gores you!
You punch the death yak! You freeze the death yak.
You kill the death yak!
Your Fighting skill increases to level 5!
The death yak gores you!
You see here a death yak corpse.
You catch the helpless death yak completely off-guard!
You punch the death yak! You freeze the death yak.
The death yak is lightly wounded.
The death yak closely misses you.
You catch the helpless death yak completely off-guard!
You pummel the death yak!! You freeze the death yak.
The death yak is heavily wounded.
The death yak barely misses you.
You punch the death yak! You freeze the death yak.
The death yak is heavily wounded.
The death yak gores you!!
* * * LOW HITPOINT WARNING * * *
You hit the death yak but do no damage.
The death yak is heavily wounded.
The death yak gores you!
* * * LOW HITPOINT WARNING * * *
You hit the death yak but do no damage.
The death yak is heavily wounded.
The death yak gores you!!
You die...

#.#...####.# ..# .......
#.##### #.# #.. ....... #.#
#.# #.# ..Y...) #.# #.# #.#
..... #.# #.# #.# ..Y. #.#
######.# #.# ..# .
#.###......# ###.##..#....
#.##...###########............
#.##...####....YY..#.#####.#.#
#........#...######...#
#............)..##..#.....
##.......#............####
###...####.#.#....#.## #...#
#.#.######). ##.## #.#.# ###
#.# #.#.# #.# #.#.#


You could see a death yak (can't see you).

Vanquished Creatures
  A death yak (D:8)
  A hornet (D:8)
  A steam dragon (D:8)
  Pargi (Sewer)
  2 orc warriors
  An ice beast (D:7)
  A sky beast (D:7)
  3 black bears
  2 ogres (D:5)
  A centaur (D:8)
  A phantom (D:7)
  4 kobold brigands
  3 bullfrogs
  2 necrophages (D:7)
  2 scorpions
  A gnoll sergeant (D:6)
  3 wights (D:8)
  4 killer bees (D:7)
  A howler monkey (D:4)
  3 hounds
  2 orc priests
  2 jellies
  5 orc wizards
  12 gnolls
  7 adders
  A white imp (D:8)
  3 worms
  2 dart slugs
  16 orcs
  6 ball pythons
  6 bats
  4 endoplasms
  4 giant cockroaches (D:3)
  8 goblins
  7 hobgoblins
  10 jackals
  8 quokkas
  8 frilled lizards
  18 kobolds
  8 rats
175 creatures vanquished.

Vanquished Creatures (others)
  2 kobolds (D:8)
  6 plants (D:5)
8 creatures vanquished.

Grand Total: 183 creatures vanquished

Notes
Turn   | Place    | Note
-------+----------+-------------------------------------------
     0 | D:1      | kae the Draconian Transmuter began the quest for the Orb.
     0 | D:1      | Reached XP level 1. HP: 16/16 MP: 3/3
   473 | D:1      | Reached XP level 2. HP: 18/23 MP: 5/5
   476 | D:1      | Learned a level 2 spell: Wereblood
   763 | D:1      | Found a faded altar of an unknown god.
  1232 | D:2      | You fall into a shaft and drop 2 floors!
  1310 | D:3      | Reached XP level 3. HP: 19/28 MP: 3/6
  1324 | D:3      | Reached skill level 3 in Transmutations
  1331 | D:3      | Learned a level 3 spell: Spider Form
  1375 | D:3      | Found a glowing drain.
  1439 | Sewer    | Entered a sewer
  1688 | Sewer    | Noticed Pargi
  1703 | Sewer    | Killed Pargi
  1704 | Sewer    | Reached skill level 4 in Transmutations
  1704 | Sewer    | Reached skill level 1 in Poison Magic
  1704 | Sewer    | Reached XP level 4. HP: 16/35 MP: 2/8
  1704 | Sewer    | Reached XP level 5. HP: 19/40 MP: 2/9
  2267 | D:2      | Found a burning altar of Makhleb.
  3026 | D:2      | Learned a level 4 spell: Ice Form
  3442 | D:3      | Reached skill level 1 in Ice Magic
  3442 | D:3      | Reached XP level 6. HP: 19/47 MP: 10/10
  4318 | D:4      | Reached skill level 5 in Transmutations
  4603 | D:5      | Entered Level 5 of the Dungeon
  4629 | D:5      | Your scales start taking on a rich purple colour.
  4629 | D:5      | Reached XP level 7. HP: 50/52 MP: 10/13
  5291 | D:5      | Found a staircase to the Ecumenical Temple.
  5385 | Temple   | Entered the Ecumenical Temple
  5535 | D:5      | Found a blossoming altar of Fedhas.
  5535 | D:5      | Found a glowing golden altar of the Shining One.
  5536 | D:5      | Found an iron altar of Okawaru.
  5536 | D:5      | Found a bloodstained altar of Trog.
  5537 | D:5      | Found a sacrificial altar of Ru.
  5537 | D:5      | Found a shimmering altar of Xom.
  5538 | D:5      | Found a radiant altar of Vehumet.
  5539 | D:5      | Found an ancient bone altar of Kikubaaqudgha.
  5539 | D:5      | Found a basalt altar of Yredelemnul.
  5540 | D:5      | Found a white marble altar of Elyvilon.
  5543 | D:5      | Became a worshipper of Ru the Awakened
  5828 | D:5      | Found a runed translucent door.
  5829 | D:5      | Noticed Crazy Yiuf
  6487 | D:6      | Reached XP level 8. HP: 58/62 MP: 11/15
  6641 | D:6      | Reached skill level 6 in Transmutations
  6848 | D:6      | Reached skill level 5 in Spellcasting
  7058 | D:6      | Reached skill level 5 in Unarmed Combat
  7644 | D:7      | Reached skill level 5 in Ice Magic
  7647 | D:7      | HP: 3/76 [ice beast (4)]
  7948 | D:7      | Reached XP level 9. HP: 61/71 MP: 13/17
  8376 | D:7      | Reached skill level 7 in Transmutations
  9383 | D:8      | Reached skill level 8 in Transmutations
  9497 | D:8      | Noticed a death yak
  9497 | D:8      | Noticed a death yak
  9521 | D:8      | Killed a death yak
  9522 | D:8      | Reached skill level 5 in Fighting
  9527 | D:8      | Demolished by a death yak

Illustrated notes

Levels and vault maps discovered:
D:1:      amcnicky_arrival_gap_in_the_tavern_cellar, layout_basic,
          shapermc_ecumenical_altar_mp_highgroup, supply_closet_lemuel,
          minmay_3d_cube
D:2:      layout_loops_ring, basic_altar
D:3:      layout_basic, gup_sewer_entry_pipe, grunt_ministairs_5, st_stairs_10,
          hex_tiny, chequers_garden
D:4:      layout_rooms
D:5:      layout_layer_cave, nicolae_overflows_in_rows,
          minmay_temple_entry_antechambers, serial_bayou, serial_bayou_lagoon_b,
          serial_bayou_lagoon_a, serial_bayou_pond_c, serial_bayou_crossing,
          nrook_mini_backslash, bh_walls_and_bars, uniq_crazy_yiuf_cottage
D:6:      layout_basic, chequers_arboretum, grunt_decor_cap
D:7:      cheibrodos_quashed, layout_rooms, kennysheep_generic_room_8
D:8:      black_bear_nest_1, layout_loops_ring, dpeg_lair_monsters,
          kennysheep_another_room
Temple:   kb_corrupted_temple

Skill      XL: |  1  2  3  4  5  6  7  8  9 |
---------------+----------------------------+-----
Transmutations | 4 5 6 8 |  8.4
Poison Magic   | 1 |  1.5
Spellcasting   | 3 4 5 6 |  6.6
Unarmed Combat | 4 5 6 |  6.3
Ice Magic      | 1 2 3 5 |  5.0
Dodging        | 2 3 4 |  4.5
Fighting       | 2 3 5 |  5.1

Action                   |  1- 3 |  4- 6 |  7- 9 || total
-------------------------+-------+-------+-------++-------
Melee: Unarmed           |   134 |   171 |   238 ||   543
       Headbutt          |    14 |    13 |     3 ||    30
       Kick              |    17 |    20 |     4 ||    41
       Tailslap          |     6 |    11 |     2 ||    19
       Punch             |     2 |     1 |     2 ||     5
 Cast: Beastly Appendage |    17 |    26 |     2 ||    45
       Wereblood         |     2 |       |     5 ||     7
       Spider Form       |     1 |     6 |     8 ||    15
       Ice Form          |       |     1 |    27 ||    28
 Abil: Breathe Dispellin |       |       |     1 ||     1
  Use: Scroll            |     7 |     4 |     8 ||    19
       Potion            |       |       |     2 ||     2
 Stab: Invisible         |       |       |     4 ||     4
Armor: Skin              |    47 |    48 |    50 ||   145
Dodge: Dodged            |   105 |   101 |   120 ||   326
Block: Other             |       |    16 |    40 ||    56
       Reflection        |       |       |     4 ||     4

Table legend: (Time is in decaauts)
 A = Elapsed time spent in this place.
 B = Non-inter-level travel time spent in this place.
 C = Inter-level travel time spent in this place.
 D = Time resting spent in this place.
 E = Time spent auto-exploring this place.
 F = Levels seen in this place.
 G = Mean time per level.
                   A        B        C        D        E       F      G
               +--------+--------+--------+--------+--------+-----+--------+
         Total |   9588 |   9240 |    348 |    564 |   7221 |  10 |  958.8 |
       Dungeon |   8881 |   8554 |    327 |    437 |   6770 |   8 | 1110.1 |
        Temple |    132 |    112 |     20 |      0 |    101 |   1 |  132.0 |
         Sewer |    574 |    574 |      0 |    127 |    350 |   1 |  574.0 |
               +--------+--------+--------+--------+--------+-----+--------+

Top non-repeatable levels by time:
     D:5: 1739 daAuts
     D:6: 1292 daAuts
     D:1: 1221 daAuts
     D:3: 1096 daAuts
     D:2: 1092 daAuts
     D:7: 939 daAuts
     D:8: 841 daAuts
     D:4: 658 daAuts
   Sewer: 574 daAuts
  Temple: 132 daAuts
